 Dungeon Crawl Stone Soup version 0.20.1-1-g8b1a95d (webtiles) character file.

985 letownia2 the Reanimator (level 7, -2/60 HPs)
             Began as a Deep Dwarf Necromancer on Nov 27, 2017.
             Was an Initiate of Gozag.
             Slain by a phantom (3 damage)
             ... on level 4 of the Dungeon.
             The game lasted 00:20:33 (5834 turns).

letownia2 the Reanimator (Deep Dwarf Necromancer)   Turns: 5834, Time: 00:20:33

Health: -2/60      AC:  5    Str: 12    XL:     7   Next: 97%
Magic:  14/14      EV: 11    Int: 17    God:    Gozag
Gold:   658        SH:  0    Dex: 13    Spells: 11/15 levels left

rFire    . . .     SeeInvis .   a - +0 dagger
rCold    + + .     Gourm    .   (no shield)
rNeg     + . .     Faith    .   B - +0 ring mail {rC+}
rPois    .         Spirit   .   (no helmet)
rElec    .         Reflect  .   (no cloak)
rCorr    .         Harm     .   (no gloves)
MR       +....                  (no boots)
Stlth    +.........             (no amulet)
Regen    0.0/turn               h - ring of protection from cold
MPRegen  0.2/turn               x - ring of positive energy

@: non-regenerating
A: damage resistance, heal wounds, sense surroundings 1, no regeneration
a: Heal Wounds, Potion Petition, Call Merchant, Bribe Branch, Renounce Religion


You were on level 4 of the Dungeon.
You worshipped Gozag.
Gozag was pleased with you.
You were not hungry.

You visited 2 branches of the dungeon, and saw 6 of its levels.
You also visited: Sewer.

You collected 723 gold pieces.
You paid 65 gold pieces to Gozag.

Inventory:

Hand Weapons
 a - a +0 dagger (weapon)
 l - a +0 hand axe
Missiles
 j - 16 tomahawks (quivered)
Armour
 s - a +0 helmet
 B - a +0 ring mail of cold resistance (worn)
Jewellery
 h - a ring of protection from cold (left hand)
 x - a ring of positive energy (right hand)
Wands
 w - a wand of paralysis (13/24)
Scrolls
 e - a scroll of remove curse {unknown}
 g - 3 scrolls of teleportation {unknown}
 i - a scroll of identify
 k - 3 scrolls of random uselessness {unknown}
 m - a scroll of enchant armour {unknown}
 n - a scroll of fear {unknown}
 q - 2 scrolls of fog {unknown}
 y - a scroll of enchant weapon {unknown}
 A - 2 scrolls of noise {unknown}
Potions
 d - 3 potions of curing {unknown}
 o - 4 potions of flight
 p - a potion of invisibility
 r - 3 potions of agility {unknown}
 u - a potion of cancellation
 v - a potion of magic
Books
 b - a book of Necromancy

   Spells                             Type                      Level
   a - Pain                           Necromancy                   1
   b - Animate Skeleton               Necromancy                   1
   c - Vampiric Draining              Necromancy                   3
   d - Regeneration                   Charms/Necromancy            3
   e - Animate Dead                   Necromancy                   4
   f - Control Undead                 Necromancy                   4
Comestibles
 c - 4 bread rations
 f - 4 fruits
 z - a royal jelly


   Skills:
 - Level 2.2 Fighting
 - Level 2.1 Dodging
 - Level 2.4 Stealth
 + Level 4.8 Spellcasting
 - Level 8.7 Necromancy
 + Level 0.6 Evocations


You had 11 spell levels left.
You knew the following spells:

 Your Spells              Type           Power        Failure   Level  Hunger
a - Pain                  Necr           ####         1%          1    None
v - Vampiric Draining     Necr           ####......   2%          3    ###....


Dungeon Overview and Level Annotations

Branches:
Dungeon (5/15)             Temple (1/1) D:4

Altars:
Ashenzari
Dithmenos
Elyvilon
Fedhas
Gozag
Hepliaklqana
Kikubaaqudgha
Makhleb
Nemelex Xobeh
Okawaru
Qazlal
Ru
Sif Muna
Trog
Uskayaw
Xom
Yredelemnul
Zin
The Shining One

Shops:
D:5 [

Annotations:
D:4 pstr's ghost, amateur KoCj


Innate Abilities, Weirdness & Mutations

You are resistant to damage.
You can heal yourself by infusing magical energy.
You passively map a small area around you.
You do not regenerate.


Message History

The phantom is lightly damaged.
The phantom blinks!
The phantom blinks!
Unknown command.
You closely miss the phantom.
The phantom hits you but does no damage.
Unknown command.
You hit the phantom.
The phantom is lightly damaged.
The phantom hits you!
* * * LOW HITPOINT WARNING * * *
The phantom blinks!
Unknown command.
The phantom hits you but does no damage.
Unknown command.
You hit the phantom.
The phantom is lightly damaged.
The phantom hits you.
You die...
Your body crumbles into a pile of gold.

....######.##.......#####
##.#
..................#.###
#.##
....#########.........#
#..# ....# #.#######.#
##.# ....# #.# ### #.#
....# #.# #.#
...<#########.# #.##
####.......##.###### #..#
...#.......##..W@W.# ##.#
##.........#######.# #.#
###........##
#.############.#
............#
#..............#
####........#
#.##############
#...........# ###...#
..##........####...###
####.............###
#.......##..####


You could see 2 phantoms.

Vanquished Creatures
  Sigmund (D:2)
  An ice beast (D:5)
  An ogre (D:4)
  A scorpion (D:5)
  A bullfrog skeleton (D:3)
  A jelly (D:5)
  An orc priest (D:4)
  A centaur skeleton (D:3)
  2 hounds (D:4)
  Jessica (D:2)
  3 orc wizards
  2 worker ants (D:4)
  Robin (D:4)
  4 gnolls (D:3)
  7 adders
  4 oozes (Sewer)
  An adder skeleton (D:4)
  6 worms
  A dart slug (D:4)
  2 leopard geckos
  13 orcs
  A ball python (D:1)
  20 bats
  5 giant cockroaches
  12 goblins
  6 hobgoblins
  7 jackals
  4 quokkas
  8 frilled lizards
  7 kobolds
  A leopard gecko zombie (D:5)
  6 rats
132 creatures vanquished.

Notes
Turn   | Place    | Note
-------+----------+-------------------------------------------
     0 | D:1      | letownia2 the Deep Dwarf Necromancer began the quest for the Orb.
     0 | D:1      | Reached XP level 1. HP: 15/15 MP: 3/3
     0 | D:1      | Noticed a draconian
     3 | D:1      | Noticed a spriggan
     3 | D:1      | Noticed a centaur
     5 | D:1      | Noticed a vine stalker
     6 | D:1      | Noticed a minotaur
     7 | D:1      | Noticed a troll
    10 | D:1      | Noticed an ogre
    10 | D:1      | Noticed a centaur
    12 | D:1      | Noticed a draconian
    16 | D:1      | Noticed a draconian
    18 | D:1      | Noticed an elf
    20 | D:1      | Noticed an elf
   181 | D:2      | Found a stormy altar of Qazlal.
   215 | D:3      | Found a glowing drain.
   490 | D:3      | Reached XP level 2. HP: 4/22 MP: 0/5
   577 | Sewer    | Entered a sewer
   670 | Sewer    | Reached skill level 5 in Necromancy
   799 | Sewer    | Reached XP level 3. HP: 3/28 MP: 2/6
   817 | Sewer    | Learned a level 3 spell: Vampiric Draining
  1833 | D:3      | Reached XP level 4. HP: 29/36 MP: 2/7
  1842 | D:3      | Reached skill level 6 in Necromancy
  2441 | D:3      | Found a hazy altar of Hepliaklqana.
  2443 | D:3      | Found a hide-covered altar of Uskayaw.
  2446 | D:3      | Found a sacrificial altar of Ru.
  2486 | D:4      | Noticed a phantom
  2491 | D:4      | Noticed Robin
  2492 | D:4      | Reached XP level 5. HP: 28/42 MP: 1/8
  2597 | D:4      | Noticed an ogre
  2637 | D:4      | Killed an ogre
  2674 | D:4      | Reached XP level 6. HP: 6/49 MP: 0/11
  2769 | D:4      | Noticed pstr's ghost (amateur KoCj)
  2778 | D:4      | Found a staircase to the Ecumenical Temple.
  2788 | Temple   | Entered the Ecumenical Temple
  2923 | Temple   | Became a worshipper of Gozag Ym Sagoz the Greedy
  3466 | D:3      | Reached skill level 7 in Necromancy
  3554 | D:2      | Noticed Jessica
  3596 | D:2      | Noticed Sigmund
  3705 | D:2      | Killed Sigmund
  3705 | D:2      | Reached skill level 8 in Necromancy
  3705 | D:2      | Reached XP level 7. HP: 23/55 MP: 0/13
  4028 | D:2      | Killed Jessica
  5175 | D:5      | Entered Level 5 of the Dungeon
  5175 | D:5      | Found Abruj's Antique Armour Shop.
  5250 | D:5      | Found a sparkling altar of Nemelex Xobeh.
  5261 | D:5      | Reached skill level 1 in Fighting
  5361 | D:5      | Noticed a troll
  5736 | D:4      | Killed Robin
  5831 | D:4      | HP: 1/60 [phantom (5)]
  5834 | D:4      | Slain by a phantom

Skill      XL: |  1  2  3  4  5  6  7 |
---------------+----------------------+-----
Spellcasting   | 2 3 4 |  4.8
Necromancy     | 5 6 8 |  8.7
Fighting       | 2 |  2.2
Dodging        | |  2.1
Stealth        | |  2.4
Evocations     | |  0.6

Action                   |  1- 3 |  4- 6 |  7- 9 || total
-------------------------+-------+-------+-------++-------
Melee: Dagger            |    31 |    93 |    52 ||   176
       Unarmed           |     3 |       |       ||     3
 Cast: Pain              |    55 |    39 |    88 ||   182
       Vampiric Draining |    15 |    30 |    20 ||    65
  Use: Potion            |     1 |       |       ||     1
       Scroll            |       |       |     4 ||     4
  Eat: Chunk             |     4 |     7 |       ||    11
       Meat ration       |       |     1 |     1 ||     2
       Royal jelly       |       |       |     1 ||     1
Armor: Robe              |    18 |    14 |       ||    32
       Ring mail         |       |    43 |    28 ||    71
Dodge: Dodged            |    48 |   116 |    66 ||   230
